 Dungeon Crawl Stone Soup version 0.31-a0-844-gdc52ec4e09 (webtiles) character file.

Game seed: 12784522521183739305

442 Maratek the Covered (level 6, 0/56 HPs)
             Began as a Minotaur Fighter on Sept 29, 2023.
             Slain by a kobold brigand
             ... wielding a +0 whip
              (4 damage)
             ... on level 3 of the Dungeon.
             The game lasted 00:03:01 (2702 turns).

Maratek the Covered (Minotaur Fighter)              Turns: 2702, Time: 00:03:02

Health: 0/56       AC:  7    Str: 22    XL:     6   Next: 71%
Magic:  5/5        EV: 10    Int: 11    God:
Gold:   111        SH:  0    Dex: 10    Spells: 5/5 levels left

rFire   . . .        s - +0 halberd
rCold   . . .        (shield currently unavailable)
rNeg    . . .        b - +0 scale mail
rPois   +            (helmet restricted)
rElec   .            (no cloak)
rCorr   .            (no gloves)
SInv    .            (no boots)
Will    .....        (no amulet) Stlth
                     j - ring of poison resistance
HPRegen 0.29/turn    r - +6 ring of intelligence
MPRegen 0.09/turn

%: no passive effects
@: no status effects
A: horns 2, retaliatory headbutt
a: no special abilities


You were on level 3 of the Dungeon.
You visited 1 branch of the dungeon, and saw 3 of its levels.

You collected 111 gold pieces.

Inventory:

Hand Weapons
 a - a +0 trident
 s - a +0 halberd (weapon)
Armour
 b - a +0 scale mail (worn)
 c - a +0 buckler
Jewellery
 j - a ring of poison resistance (left hand)
 r - a +6 ring of intelligence (right hand)
Scrolls
 e - 2 scrolls of blinking {unknown}
 i - a scroll of noise {unknown}
 k - a scroll of teleportation {unknown}
 l - a scroll of silence {unknown}
 o - a scroll of enchant armour {unknown}
 p - a scroll of fog {unknown}
Potions
 d - a potion of might
 f - 2 potions of curing {unknown}
 g - 3 potions of lignification {unknown}
 h - 2 potions of invisibility {unknown}
 m - 2 potions of cancellation {unknown}
 n - a potion of magic {unknown}
 q - a potion of enlightenment {unknown}


   Skills:
 + Level 5.2 Fighting
 + Level 5.4 Polearms
 + Level 5.6 Armour
 + Level 1.5 Dodging
 + Level 4.7 Shields


You had 5 spell levels left.
You didn't know any spells.
Your spell library contained the following spells:

 Spells                   Type           Power      Damage    Failure   Level
 Inner Flame              Hex/Fire       0%         N/A       95%         3
 Yara's Violent Unravell  Hex/Tmut       0%         3d3       100%        5
 Enfeeble                 Hex            0%         N/A       100%        7


Dungeon Overview and Level Annotations

Branches:
Dungeon (3/15)

Altars:
Elyvilon
Uskayaw

Shops:
D:1 :

Annotations:
D:3 3 runed translucent doors


Innate Abilities, Weirdness & Mutations

You have a pair of horns on your head.
You reflexively headbutt those who attack you in melee.


Message History

The magic dart hits you.
The cerulean imp hits you but does no damage.
You barely miss Natasha. You headbutt Natasha.
You kill Natasha!
Natasha screams in pain as she dies!
The cerulean imp disappears in a puff of smoke!
The kobold brigand hits you with a +0 whip.
The gnoll hits you with a +0 club.
The kobold brigand hits you with a +0 whip.
You are too injured to fight recklessly!
Unknown command.
You are too injured to fight recklessly!
Unknown command.
You are too injured to fight recklessly!
Unknown command.
You are too injured to fight recklessly!
Unknown command.
You are too injured to fight recklessly!
You puncture the kobold brigand!
The kobold brigand is heavily wounded.
The gnoll hits you but does no damage.
The kobold brigand hits you with a +0 whip.
* * * LOW HITPOINT WARNING * * *
The gnoll hits you with a +0 club.
* * * LOW HITPOINT WARNING * * *
You barely miss the kobold brigand.
The kobold brigand is heavily wounded.
The kobold brigand hits you with a +0 whip.
* * * LOW HITPOINT WARNING * * *
The gnoll barely misses you.
You hit the kobold brigand.
The kobold brigand is heavily wounded.
The kobold brigand hits you but does no damage.
The gnoll hits you with a +0 club.
* * * LOW HITPOINT WARNING * * *
You hit the kobold brigand.
Your headbutt misses the kobold brigand.
The kobold brigand is severely wounded.
The kobold brigand hits you with a +0 whip.
You die...

#'### #.#.~ #.~ #.~ #.~ #.~
################# #.~
....#....#g.?.... #.~
....'....@†...... '.#.~
...#....#K...... #g###
############'')'#############g..#
............................#...#
~≈≈~~≈~~~~~~....~~~≈~~≈~≈~≈~#####
≈≈≈≈≈≈≈~~≈≈~....~~≈≈≈~≈≈≈~~≈≈≈≈≈≈
~~~~~~~≈~~~~.)..~≈~~≈~~~~≈~~~~~~~
...........).....................
..###.#.###.#..#####.############


You could see a kobold brigand and a gnoll.

Vanquished Creatures
  2 howler monkeys (D:3)
  3 hounds (D:3)
  Terence (D:2)
  Natasha (twice) (D:3)
  An orc wizard (D:3)
  8 gnolls (D:3)
  A worm (D:3)
  A dart slug (D:2)
  14 orcs (D:3)
  3 ball pythons
  5 bats
  7 endoplasms
  2 giant cockroaches (D:2)
  2 goblins (D:2)
  4 hobgoblins (D:2)
  17 jackals
  3 quokkas
  3 frilled lizards
  A kobold (D:1)
80 creatures vanquished.

Notes
Turn   | Place    | Note
-------+----------+-------------------------------------------
     0 | D:1      | Maratek the Minotaur Fighter began the quest for the Orb.
     0 | D:1      | Reached XP level 1. HP: 19/19 MP: 0/0
    40 | D:1      | Found Esaca's Book Shoppe.
   697 | D:2      | Reached XP level 2. HP: 27/27 MP: 1/1
   968 | D:2      | Reached XP level 3. HP: 33/33 MP: 2/2
  1292 | D:2      | Noticed Terence
  1302 | D:2      | Killed Terence
  1387 | D:3      | Reached XP level 4. HP: 37/40 MP: 3/3
  1781 | D:3      | Found a runed translucent gate.
  1781 | D:3      | Found a runed translucent gate.
  1781 | D:3      | Found a runed translucent gate.
  1792 | D:3      | Found a hide-covered altar of Uskayaw.
  1999 | D:3      | Reached XP level 5. HP: 40/47 MP: 4/4
  2022 | D:3      | Reached skill level 5 in Armour
  2025 | D:3      | Reached skill level 1 in Dodging
  2047 | D:3      | Reached XP level 6. HP: 44/55 MP: 5/5
  2290 | D:3      | Noticed Natasha
  2294 | D:3      | Killed Natasha
  2477 | D:3      | Found a white marble altar of Elyvilon.
  2595 | D:3      | Reached skill level 5 in Polearms
  2671 | D:3      | Reached skill level 5 in Fighting
  2690 | D:3      | Noticed Natasha
  2698 | D:3      | Killed Natasha
  2702 | D:3      | Slain by a kobold brigand

Illustrated notes

Levels and vault maps discovered:
D:1:      amcnicky_arrival_double_pillar, layout_basic, serial_shops, shop,
          minmay_misc_feat_alley, minivault_23
D:2:      layout_rooms, kennysheep_flooded_box, serial_bayou_ford_a,
          kennysheep_big_empty_room, uniq_terence
D:3:      lemuel_castle_with_subvaults [lemuel_castle_interior_carwin_1],
          layout_loops_ring, mainiacjoe_overflow_cross_hatched,
          nicolae_elyvilon_temple_path, gammafunk_ghost_icy, chequers_big_river,
          kennysheep_pointless_box, uniq_natasha

Skill      XL: |  1  2  3  4  5  6 |
---------------+-------------------+-----
Armour         | 4 5 |  5.6
Shields        | 4 |  4.7
Fighting       | 4 5 |  5.2
Polearms       | 3 4 5 |  5.4
Dodging        | 1 |  1.5

Action                     |  1- 3 |  4- 6 || total
---------------------------+-------+-------++-------
  Melee: Trident           |    66 |   151 ||   217
         Headbutt          |     6 |    17 ||    23
         Halberd           |       |    14 ||    14
 Armour: Scale mail        |    39 |   131 ||   170
  Dodge: Dodged            |    29 |    73 ||   102
  Block: Buckler           |    11 |    33 ||    44

Table legend: (Time is in decaauts)
 A = Elapsed time spent in this place.
 B = Non-inter-level travel time spent in this place.
 C = Inter-level travel time spent in this place.
 D = Time resting spent in this place.
 E = Time spent auto-exploring this place.
 F = Levels seen in this place.
 G = Mean time per level.
                   A        B        C        D        E       F      G
               +--------+--------+--------+--------+--------+-----+--------+
         Total |   2748 |   2708 |     40 |    313 |   1930 |   3 |  916.0 |
       Dungeon |   2748 |   2708 |     40 |    313 |   1930 |   3 |  916.0 |
               +--------+--------+--------+--------+--------+-----+--------+

Top non-repeatable levels by time:
     D:3: 1353 daAuts
     D:2: 702 daAuts
     D:1: 692 daAuts
